[Event "ICC tourney 2754 (45 5)"]
[Site "Internet Chess Club"]
[Date "2021.12.04"]
[Round "2"]
[White "HU, ALEXANDER C:ahu1015"]
[Black "Volkov, Sergey:Volkov"]
[Result "1-0"]
[ICCResult "Black checkmated"]
[WhiteElo "2009"]
[BlackElo "2591"]
[Opening "French: Tarrasch, closed variation, main line"]
[ECO "C06"]
[NIC "FR.17"]
[Time "13:15:28"]
[PlyCount "81"]
[TimeControl "2700+5"]

1. e4 e6 2. d4 d5 3. Nd2 Nf6 4. e5 Nfd7 5. Bd3 c5 6. c3 Nc6 7. Ne2 cxd4 8.
cxd4 f6 9. exf6 Nxf6 10. O-O Bd6 11. Nf3 O-O 12. Bg5 Bd7 13. Bh4 Be8 14. Ng5
Qd7 15. Qb1 h6 16. Nh7 Nxh7 17. Bxh7+ Kh8 18. Bg3 Bxg3 19. hxg3 Qf7 20. Bc2
Qf6 21. Qd1 Nb4 22. Ba4 Bxa4 23. Qxa4 Nc6 24. Rac1 Rf7 25. Rc3 Raf8 26. Rf3
Qg5 27. Nf4 Qg4 28. Re1 Rf6 29. Nxe6 Rxf3 30. gxf3 Rxf3 31. Qd1 Qf5 32. Nf4
Rxf4 33. gxf4 Qxf4 34. Re8+ Kh7 35. Qd3+ g6 36. Qg3 Qxd4 37. Qc7+ Qg7 38.
Rc8 h5 39. Qd6 Qxb2 40. Rc7+ Kh8 41. Qf8# {Black checkmated} 1-0

[Event "ICC tourney 2754 (45 5)"]
[Site "Internet Chess Club"]
[Date "2021.12.04"]
[Round "2"]
[White "NATHA, NIRAV:K05-15969775"]
[Black "LI, IRIS:irisl"]
[Result "1-0"]
[ICCResult "Black resigns"]
[WhiteElo "1477"]
[BlackElo "1812"]
[Opening "Ruy Lopez: Berlin defense, open variation"]
[ECO "C67"]
[NIC "RL.07"]
[Time "13:15:16"]
[PlyCount "69"]
[TimeControl "2700+5"]

1. e4 e5 2. Nf3 Nc6 3. Bb5 Nf6 4. O-O Nxe4 5. Re1 Nd6 6. Nxe5 Nxe5 7. Rxe5+
Be7 8. Bf1 O-O 9. d4 Bf6 10. Re1 Re8 11. c3 Rxe1 12. Qxe1 Qe7 13. Qxe7 Bxe7
14. Bd3 Ne8 15. Bf4 d5 16. Nd2 Be6 17. Re1 Nd6 18. Nf3 h6 19. h3 Re8 20. Ne5
Bf6 21. Ng4 Bxg4 22. Rxe8+ Nxe8 23. hxg4 Nd6 24. Kf1 Be7 25. Ke2 g5 26. Bg3
Kg7 27. b3 c6 28. c4 Ne8 29. Bf5 Nf6 30. c5 b6 31. b4 h5 32. b5 h4 33. bxc6
Ne8 34. cxb6 axb6 35. c7 {Black resigns} 1-0

[Event "ICC tourney 2754 (45 5)"]
[Site "Internet Chess Club"]
[Date "2021.12.04"]
[Round "2"]
[White "Vittal, Sanjana:MCTS13"]
[Black "SHEEHAN, ETHAN THOMAS:Chessking2008"]
[Result "0-1"]
[ICCResult "White resigns"]
[WhiteElo "2005"]
[BlackElo "2194"]
[Opening "Caro-Kann: two knights variation"]
[ECO "B11"]
[NIC "CK.01"]
[Time "13:15:28"]
[PlyCount "116"]
[TimeControl "2700+5"]

1. e4 c6 2. Nc3 d5 3. Nf3 dxe4 4. Nxe4 Nf6 5. Qe2 Nxe4 6. Qxe4 Qd5 7. Qh4
Bf5 8. Bc4 Qd6 9. d3 e6 10. Bd2 Be7 11. Qg3 O-O 12. Bc3 Qxg3 13. hxg3 h6 14.
a4 Nd7 15. Nd4 Bf6 16. Nxf5 exf5 17. Rh5 Rfe8+ 18. Kd2 g6 19. Rhh1 h5 20. a5
Bxc3+ 21. bxc3 Ne5 22. Bb3 Kf8 23. Rae1 Rad8 24. f3 c5 25. Rh4 Re7 26. d4
cxd4 27. Rxd4 Rde8 28. Kd1 Nc6 29. Rxe7 Kxe7 30. Rd5 Rd8 31. Rxd8 Nxd8 32.
Bd5 Kd6 33. c4 Kc5 34. c3 f6 35. f4 Nc6 36. Bf7 g5 37. Bxh5 Nxa5 38. Bf3 b6
39. Kc1 Nxc4 40. Be2 Ne3 41. Bd3 gxf4 42. gxf4 Nxg2 43. Bxf5 Nxf4 44. Kb2
Nd5 45. Bd3 Ne3 46. Kc1 Nc4 47. Bf5 a5 48. Kb1 Nd6 49. Bd3 f5 50. Kc2 f4 51.
Kd2 Nc4+ 52. Ke2 a4 53. Bb1 Nd6 54. Kd3 f3 55. Ke3 Nb5 56. Kxf3 Nxc3 57. Bc2
a3 58. Bb3 a2 {White resigns} 0-1

[Event "ICC tourney 2754 (45 5)"]
[Site "Internet Chess Club"]
[Date "2021.12.04"]
[Round "2"]
[White "ALEKSANDROV, ALEKSEJ:Aleksandrov73"]
[Black "FILIPOVICH, DAVID MICHAEL:dmfcan"]
[Result "1-0"]
[ICCResult "Black resigns"]
[WhiteElo "2584"]
[BlackElo "2050"]
[Opening "Robatsch (modern) defense"]
[ECO "A40"]
[NIC "KF.05"]
[Time "13:15:24"]
[PlyCount "59"]
[TimeControl "2700+5"]

1. d4 g6 2. e4 Bg7 3. h3 d6 4. Nc3 Nf6 5. Be3 O-O 6. Nf3 d5 7. exd5 Nxd5 8.
Nxd5 Qxd5 9. Be2 c5 10. O-O Nc6 11. c4 Qd8 12. d5 Na5 13. Qd2 b6 14. Rfe1 e6
15. Rad1 Ba6 16. Bh6 exd5 17. Bxg7 Kxg7 18. cxd5 Bxe2 19. Rxe2 Qf6 20. Ne5
Rfe8 21. Ng4 Qd6 22. Rde1 Rxe2 23. Rxe2 h5 24. Qc3+ Kh7 25. Nf6+ Kh6 26. h4
Nb7 27. Ne8 Qf8 28. Qe5 Rd8 29. d6 Rd7 30. Qg5+ {Black resigns} 1-0

[Event "ICC tourney 2754 (45 5)"]
[Site "Internet Chess Club"]
[Date "2021.12.04"]
[Round "2"]
[White "WILSON, MATTHEW R:roamingmatt"]
[Black "Turcotte, Jonathan:JonnyTurgi"]
[Result "0-1"]
[ICCResult "White resigns"]
[WhiteElo "2200"]
[BlackElo "2000"]
[Opening "Caro-Kann: exchange variation"]
[ECO "B13"]
[NIC "CK.02"]
[Time "13:15:45"]
[PlyCount "102"]
[TimeControl "2700+5"]

1. e4 c6 2. d4 d5 3. exd5 cxd5 4. Bd3 Nc6 5. c3 Qc7 6. Ne2 Bg4 7. f3 Bd7 8.
Bf4 e5 9. dxe5 Nxe5 10. Bxe5 Qxe5 11. O-O Bc5+ 12. Kh1 Ne7 13. Nd2 O-O 14.
Nb3 Bd6 15. f4 Qh5 16. Ng3 Qxd1 17. Raxd1 g6 18. Nd4 f5 19. Bc2 Rfe8 20.
Nge2 Kg7 21. Bb3 Rad8 22. g3 a6 23. Rfe1 Bc5 24. Ng1 Kf6 25. Ngf3 Bc8 26.
Ne5 Ba7 27. Rd2 Rd6 28. Red1 Red8 29. Ndf3 h6 30. Rd3 b5 31. Nd4 Bb7 32. Kg2
Nc8 33. Re1 Nb6 34. Bc2 Nc4 35. b3 Na3 36. Bd1 Rc8 37. Bf3 a5 38. g4 b4 39.
c4 Bxd4 40. Rxd4 Nc2 41. Red1 Nxd4 42. Rxd4 g5 43. gxf5 gxf4 44. Ng4+ Kxf5
45. Nf2 Ke5 46. Rd1 Rc7 47. Ng4+ Kf5 48. h3 h5 49. Nf2 Rg6+ 50. Kh2 dxc4 51.
bxc4 Bxf3 {White resigns} 0-1

[Event "ICC tourney 2754 (45 5)"]
[Site "Internet Chess Club"]
[Date "2021.12.04"]
[Round "2"]
[White "NGUYEN, TIEN:ngthanhthuytien"]
[Black "Meng, Joshua:jmichess"]
[Result "1-0"]
[ICCResult "Black resigns"]
[WhiteElo "2103"]
[BlackElo "1707"]
[Opening "Réti opening"]
[ECO "A06"]
[NIC "QP.09"]
[Time "13:15:28"]
[PlyCount "87"]
[TimeControl "2700+5"]

1. Nf3 d5 2. e3 e6 3. c4 Nf6 4. b3 Be7 5. Bb2 O-O 6. Nc3 c5 7. cxd5 exd5 8.
d4 b6 9. Be2 Bb7 10. O-O Nbd7 11. Rc1 Rc8 12. Na4 Ne4 13. dxc5 bxc5 14. Qc2
f5 15. Rfd1 Bf6 16. Bb5 Bxb2 17. Bxd7 Qxd7 18. Qxb2 Rf6 19. Ne5 Qe7 20. b4
c4 21. f4 Rh6 22. Nf3 Bc6 23. Nc3 Rd6 24. Nxe4 fxe4 25. Nd4 Qf7 26. b5 Bd7
27. Qa3 Rg6 28. Rd2 Be8 29. f5 Rb6 30. Rb2 Qb7 31. Ne6 Qf7 32. Nd4 Qb7 33.
Qa5 Rb8 34. a4 Qe7 35. Qc3 Rh6 36. g3 Rf6 37. Rf1 Qb7 38. Ne6 Qf7 39. Qe5
Rb6 40. Ng5 Qd7 41. Rd2 Rbd6 42. g4 Bf7 43. Rfd1 g6 44. Nxe4 {Black resigns}
1-0

[Event "ICC tourney 2754 (45 5)"]
[Site "Internet Chess Club"]
[Date "2021.12.04"]
[Round "2"]
[White "S.M, UMER:uncrackable"]
[Black "JIANG, JASON:JasonJiang10"]
[Result "0-1"]
[ICCResult "White resigns"]
[WhiteElo "2038"]
[BlackElo "1754"]
[Opening "Neo-Grünfeld, 6.O-O"]
[ECO "D77"]
[NIC "GI.02"]
[Time "13:15:29"]
[PlyCount "162"]
[TimeControl "2700+5"]

1. d4 Nf6 2. Nf3 g6 3. g3 Bg7 4. Bg2 O-O 5. O-O d5 6. c4 dxc4 7. Na3 c6 8.
Nxc4 Be6 9. Nce5 Bd5 10. Be3 Nbd7 11. Qc1 Nxe5 12. Nxe5 Bxg2 13. Kxg2 Qd5+
14. f3 Rac8 15. Nd3 Nd7 16. Nf4 Qb5 17. a4 Qa6 18. b4 e5 19. dxe5 Nxe5 20.
Bd4 Rcd8 21. e3 Nd3 22. Nxd3 Qxd3 23. Ra3 Qa6 24. Bxg7 Kxg7 25. Qb2+ Kg8 26.
h4 Qc4 27. Rc3 Qe6 28. h5 Rd6 29. h6 Rfd8 30. Rd3 f6 31. Rxd6 Rxd6 32. e4
Kf7 33. Re1 Qe5 34. Qb3+ Kf8 35. Re2 Qe6 36. Qc3 Qe5 37. Qc4 Rd4 38. Qc3
Rxe4 39. Qxe5 Rxe5 40. Rd2 Ke7 41. g4 b6 42. Kf2 Rd5 43. Re2+ Kd7 44. Re4 f5
45. Rc4 fxg4 46. fxg4 c5 47. bxc5 bxc5 48. Ke3 Kc6 49. Rf4 Rd7 50. Rf6+ Kd5
51. Rf8 c4 52. Rc8 Re7+ 53. Kd2 Kd4 54. Rd8+ Ke4 55. Rg8 Kd4 56. Rd8+ Kc5
57. Rg8 Rd7+ 58. Kc2 Rd4 59. Rg7 Rxg4 60. Rxh7 a5 61. Rd7 Rh4 62. h7 g5 63.
Rg7 g4 64. Rxg4 Rxh7 65. Rg1 Rh2+ 66. Kc3 Rh3+ 67. Kc2 Kb4 68. Rg4 Rh2+ 69.
Kc1 Kb3 70. Rg7 Rh1+ 71. Kd2 c3+ 72. Kd3 Rd1+ 73. Ke2 Rd2+ 74. Ke1 Kxa4 75.
Rb7 Rd4 76. Rc7 Kb3 77. Rb7+ Rb4 78. Rc7 c2 79. Kd2 Rd4+ 80. Ke2 Rc4 81.
Rb7+ Kc3 {White resigns} 0-1

[Event "ICC tourney 2754 (45 5)"]
[Site "Internet Chess Club"]
[Date "2021.12.04"]
[Round "2"]
[White "CHAMPSI, IMRAN:imranchamp"]
[Black "SHAWKAT, SAIF:saif-shawkat"]
[Result "0-1"]
[ICCResult "White checkmated"]
[WhiteElo "1728"]
[BlackElo "1976"]
[Opening "Sicilian: Najdorf, Zagreb (fianchetto) variation"]
[ECO "B91"]
[NIC "SI.14"]
[Time "13:15:18"]
[PlyCount "154"]
[TimeControl "2700+5"]

1. e4 c5 2. Nf3 d6 3. d4 cxd4 4. Nxd4 Nf6 5. Nc3 a6 6. g3 e5 7. Nf3 Be7 8.
Bg2 b5 9. O-O Bb7 10. Re1 O-O 11. a3 Nbd7 12. Nh4 g6 13. Nf3 Rc8 14. Bd2 Nb6
15. b3 Re8 16. h3 Bf8 17. a4 b4 18. Na2 a5 19. Nh2 d5 20. Bg5 Be7 21. exd5
Nfxd5 22. Bxe7 Rxe7 23. Ng4 Qc7 24. Rc1 f5 25. c4 bxc3 26. Ne3 Nxe3 27. Rxe3
Bxg2 28. Rexc3 Rd7 29. Qc2 Be4 30. Rxc7 Bxc2 31. Rxc8+ Nxc8 32. Rxc2 Ne7 33.
b4 axb4 34. Nxb4 Rd1+ 35. Kg2 Rb1 36. Nc6 Nxc6 37. Rxc6 Ra1 38. Rc5 e4 39.
a5 Ra2 40. Kf1 Kf7 41. Rc7+ Ke6 42. Rxh7 Rxa5 43. Rb7 Ra2 44. Rb6+ Kf7 45.
Rb3 Kg7 46. Re3 Kf6 47. h4 Ke5 48. Re2 Ra1+ 49. Re1 Rxe1+ 50. Kxe1 f4 51. g4
f3 52. Kd2 Kf4 53. h5 gxh5 54. gxh5 e3+ 55. fxe3+ Kg3 56. h6 f2 57. h7 f1=Q
58. h8=Q Qf2+ 59. Kd3 Qf5+ 60. e4 Qb5+ 61. Ke3 Qg5+ 62. Kd3 Qb5+ 63. Kd2
Qd7+ 64. Ke3 Qa7+ 65. Qd4 Qa3+ 66. Qd3 Qc5+ 67. Ke2+ Kf4 68. Qf3+ Ke5 69.
Qf5+ Kd6 70. Qf8+ Kc6 71. Qf6+ Qd6 72. Qc3+ Qc5 73. Qd3 Qh5+ 74. Kd2 Qh2+
75. Kc3 Qe5+ 76. Kc4 Qb5+ 77. Kd4 Qc5# {White checkmated} 0-1

[Event "ICC tourney 2754 (45 5)"]
[Site "Internet Chess Club"]
[Date "2021.12.04"]
[Round "2"]
[White "MALKIEL, DANIEL E:MrSnrub"]
[Black "BAGCHI, SOUNAK:Chesssaga"]
[Result "1-0"]
[ICCResult "Black checkmated"]
[WhiteElo "2185"]
[BlackElo "1876"]
[Opening "English: four knights, 4.e3"]
[ECO "A28"]
[NIC "EO.05"]
[Time "13:22:21"]
[PlyCount "147"]
[TimeControl "2700+5"]

1. c4 Nf6 2. Nc3 e5 3. Nf3 Nc6 4. e3 Bb4 5. Qc2 O-O 6. Nd5 Be7 7. a3 Re8 8.
Ng5 g6 9. Nxe7+ Qxe7 10. b4 h6 11. Nf3 e4 12. Ng1 Ne5 13. Bb2 d6 14. f4 exf3
15. gxf3 Nh5 16. O-O-O Nd7 17. Ne2 a5 18. Ng3 Ndf6 19. b5 c6 20. Bd3 Kh7 21.
Rhg1 Rg8 22. bxc6 bxc6 23. f4 Nxg3 24. Rxg3 Nh5 25. Rgg1 f5 26. Qc3 Qg7 27.
Qc2 Qf7 28. Be2 Nf6 29. Bf3 Ra6 30. Kb1 Be6 31. d3 Rb6 32. Ka1 Rgb8 33. Rb1
Ne8 34. Bd4 c5 35. Rxb6 Rxb6 36. Bc3 Qa7 37. Rb1 Nc7 38. h4 h5 39. Bb2 Qb8
40. Qc3 Qf8 41. Qxa5 Qb8 42. Qc3 Qf8 43. Bc1 Rxb1+ 44. Kxb1 Qb8+ 45. Bb2 Qf8
46. Qb3 Ne8 47. Qb7+ Qf7 48. a4 Qxb7 49. Bxb7 d5 50. cxd5 Bd7 51. a5 Nd6 52.
Bc6 Bc8 53. Be5 Nf7 54. Bc7 g5 55. fxg5 f4 56. exf4 Ba6 57. Kc2 Kg6 58. Be8
c4 59. dxc4 Bxc4 60. d6 Kg7 61. d7 Be6 62. Bxf7 Bxd7 63. Bxh5 Bb5 64. f5 Ba6
65. f6+ Kh7 66. g6+ Kg8 67. f7+ Kg7 68. Be5+ Kh6 69. f8=Q+ Kxh5 70. g7 Bd3+
71. Kxd3 Kxh4 72. g8=Q Kh5 73. Qf3+ Kh6 74. Qh3# {Black checkmated} 1-0

[Event "ICC tourney 2754 (45 5)"]
[Site "Internet Chess Club"]
[Date "2021.12.04"]
[Round "3"]
[White "TAO, SIHAN:K06-16931716"]
[Black "WILSON, MATTHEW R:roamingmatt"]
[Result "1-0"]
[ICCResult "Black resigns"]
[WhiteElo "1781"]
[BlackElo "2200"]
[Opening "Petrov: French attack"]
[ECO "C42"]
[NIC "RG.03"]
[Time "15:30:11"]
[PlyCount "45"]
[TimeControl "2700+5"]

1. e4 e5 2. Nf3 Nf6 3. Nxe5 d6 4. Nf3 Nxe4 5. d3 Nf6 6. d4 d5 7. Bd3 Bd6 8.
Qe2+ Qe7 9. Qxe7+ Bxe7 10. Bf4 c6 11. O-O O-O 12. Re1 Re8 13. Nbd2 h6 14. c3
Be6 15. h3 Nbd7 16. Ne5 Nxe5 17. Bxe5 a5 18. f4 a4 19. a3 b5 20. g4 Bc8 21.
Re2 Nd7 22. Bd6 Kf8 23. Rae1 {Black resigns} 1-0

[Event "ICC tourney 2754 (45 5)"]
[Site "Internet Chess Club"]
[Date "2021.12.04"]
[Round "3"]
[White "CHENG, Claire:Clairehouses"]
[Black "CHAMPSI, IMRAN:imranchamp"]
[Result "0-1"]
[ICCResult "White checkmated"]
[WhiteElo "1833"]
[BlackElo "1728"]
[Opening "Benkö gambit accepted"]
[ECO "A58"]
[NIC "BI.45"]
[Time "15:30:23"]
[PlyCount "118"]
[TimeControl "2700+5"]

1. d4 Nf6 2. c4 c5 3. d5 b5 4. cxb5 a6 5. bxa6 g6 6. Nc3 Bg7 7. g3 O-O 8.
Bg2 d6 9. Nf3 Bxa6 10. O-O Nbd7 11. Re1 Qc7 12. e4 Ng4 13. Qc2 Nge5 14. Nxe5
Nxe5 15. Rd1 Rfb8 16. b3 c4 17. Be3 Nd3 18. Bd2 Qb6 19. Be1 Nxe1 20. Rxe1
cxb3 21. axb3 Qxb3 22. Qxb3 Rxb3 23. Ne2 Bxa1 24. Rxa1 Bb7 25. Rc1 Rc8 26.
Ra1 Rb6 27. f4 Ba6 28. Nd4 Bd3 29. Nc6 Rc7 30. Ra8+ Kg7 31. Re8 Bb5 32. Rxe7
Rbxc6 33. Rxc7 Rxc7 34. e5 dxe5 35. fxe5 Re7 36. Kf2 Rxe5 37. g4 Re2+ 38.
Kg3 Rxg2+ 39. Kxg2 Kf6 40. d6 Ke5 41. d7 Bxd7 42. h3 Kf4 43. Kf2 Bxg4 44.
hxg4 Kxg4 45. Kg2 h5 46. Kh2 h4 47. Kg2 f5 48. Kh2 f4 49. Kg2 h3+ 50. Kh2 f3
51. Kg1 Kg3 52. Kh1 Kf2 53. Kh2 Ke2 54. Kxh3 f2 55. Kg2 f1=Q+ 56. Kh2 Qf3
57. Kg1 Qg4+ 58. Kh2 Kf2 59. Kh1 Qh4# {White checkmated} 0-1

[Event "ICC tourney 2754 (45 5)"]
[Site "Internet Chess Club"]
[Date "2021.12.04"]
[Round "3"]
[White "YAN, RUIYANG:jy2020"]
[Black "Belous, Vladimir:Openyagami"]
[Result "0-1"]
[ICCResult "White resigns"]
[WhiteElo "2151"]
[BlackElo "2572"]
[Opening "Sicilian: Labourdonnais-Löwenthal (Kalashnikov) variation"]
[ECO "B32"]
[NIC "SI.32"]
[Time "15:30:22"]
[PlyCount "64"]
[TimeControl "2700+5"]

1. e4 c5 2. Nf3 Nc6 3. d4 cxd4 4. Nxd4 e5 5. Nb5 d6 6. N1c3 a6 7. Na3 b5 8.
Nd5 Nge7 9. c4 Nxd5 10. exd5 Nd4 11. cxb5 g6 12. Be3 Bg7 13. bxa6 O-O 14.
Bd3 Nf5 15. Nc4 e4 16. Be2 Bxa6 17. O-O Bxc4 18. Bxc4 Bxb2 19. Rb1 Be5 20.
Qe2 Qh4 21. g3 Qh3 22. f4 exf3 23. Qxf3 Rfc8 24. Rbc1 Rxc4 25. Rxc4 Ra3 26.
Bh6 Bd4+ 27. Rf2 Bxf2+ 28. Qxf2 Nxh6 29. Rh4 Qc8 30. Qb2 Rc3 31. Rxh6 Rc1+
32. Kg2 Rc2+ {White resigns} 0-1

[Event "ICC tourney 2754 (45 5)"]
[Site "Internet Chess Club"]
[Date "2021.12.04"]
[Round "3"]
[White "LIN, BENJAMIN GU:bgl2011"]
[Black "MARKOVIC, GORAN:Goran21"]
[Result "0-1"]
[ICCResult "White checkmated"]
[WhiteElo "1669"]
[BlackElo "1989"]
[Opening "Sicilian"]
[ECO "B54"]
[NIC "SI.01"]
[Time "15:30:13"]
[PlyCount "176"]
[TimeControl "2700+5"]

1. e4 c5 2. Nf3 d6 3. d4 cxd4 4. Nxd4 e5 5. Nb5 a6 6. N5c3 Nf6 7. Bg5 Be7 8.
Bxf6 Bxf6 9. Nd5 O-O 10. Nbc3 Nc6 11. Nxf6+ Qxf6 12. Bc4 Be6 13. Nd5 Qg6 14.
Qf3 Rae8 15. O-O Nd4 16. Qd3 f5 17. exf5 Qxf5 18. Qxf5 Nxf5 19. c3 b5 20.
Bb3 Rf7 21. Rad1 a5 22. a3 a4 23. Ba2 Kf8 24. Bb1 g6 25. Rfe1 Kg7 26. Be4
Ref8 27. f3 Rd8 28. Rd3 h5 29. Red1 Ra7 30. Re1 Kf8 31. Nb4 Ne7 32. Red1
Rad7 33. Bc6 Bb3 34. Bxd7 Bxd1 35. Rxd1 Rxd7 36. Nd5 Nf5 37. Kf2 Kf7 38. h3
h4 39. Nb6 Rb7 40. Nd5 Ke6 41. Nb4 Ne7 42. Ke3 d5 43. Nd3 Nf5+ 44. Kf2 Re7
45. Nc5+ Kd6 46. Ne4+ Kc6 47. Nf6 d4 48. cxd4 exd4 49. Rc1+ Kb7 50. Ne4 Kb6
51. Ke2 Re5 52. Kd3 Rd5 53. Nf6 Rd8 54. Ng4 Re8 55. Rc2 Re1 56. Rd2 Rc1 57.
Nf6 Kc5 58. Ne4+ Kd5 59. Re2 Rd1+ 60. Nd2 Ne3 61. Rf2 Nc4 62. Kc2 Rxd2+ 63.
Rxd2 Nxd2 64. Kxd2 Kc4 65. Kc2 d3+ 66. Kd2 Kb3 67. Kxd3 Kxb2 68. Ke4 Kxa3
69. Kf4 b4 70. Kg4 b3 71. Kxh4 b2 72. Kg5 b1=Q 73. h4 Qf5+ 74. Kh6 Kb4 75.
g4 Qxf3 76. g5 Qh5+ 77. Kg7 Qxh4 78. Kxg6 Qxg5+ 79. Kxg5 a3 80. Kf4 a2 81.
Ke3 a1=Q 82. Kd2 Qc3+ 83. Kd1 Qb2 84. Ke1 Kc3 85. Kf1 Kd3 86. Kg1 Ke3 87.
Kh1 Kf3 88. Kg1 Qg2# {White checkmated} 0-1

[Event "ICC tourney 2754 (45 5)"]
[Site "Internet Chess Club"]
[Date "2021.12.04"]
[Round "3"]
[White "Bian, Erin:funpawn"]
[Black "S.M, UMER:uncrackable"]
[Result "1-0"]
[ICCResult "Black resigns"]
[WhiteElo "1802"]
[BlackElo "2038"]
[Opening "Sicilian: Anderssen variation"]
[ECO "B41"]
[NIC "SI.41"]
[Time "15:30:22"]
[PlyCount "73"]
[TimeControl "2700+5"]

1. e4 c5 2. Nf3 e6 3. d4 cxd4 4. Nxd4 Nf6 5. Bd3 Nc6 6. Nxc6 bxc6 7. O-O e5
8. c4 Bc5 9. Nc3 d6 10. h3 Rb8 11. Rb1 h6 12. a3 a5 13. Qf3 g5 14. Be3 g4
15. hxg4 Bxg4 16. Qg3 Bxe3 17. Qxe3 Be6 18. f4 Ng4 19. Qg3 exf4 20. Qxf4 Rg8
21. c5 dxc5 22. Be2 c4 23. Rbd1 Qb6+ 24. Kh1 Rg5 25. Bxg4 Rxg4 26. Qxh6 Qc5
27. Qh8+ Qf8 28. Qf6 Rg6 29. Qe5 Rxb2 30. Rf2 Rxf2 31. Qb8+ Ke7 32. Qd6+ Kf6
33. Qxf8 Rgxg2 34. Qh8+ Kg6 35. Qg8+ Kf6 36. Qxg2 Rxg2 37. Kxg2 {Black
resigns} 1-0

[Event "ICC tourney 2754 (45 5)"]
[Site "Internet Chess Club"]
[Date "2021.12.04"]
[Round "3"]
[White "Turcotte, Jonathan:JonnyTurgi"]
[Black "MATINIAN, NIKITA:gannikus1992"]
[Result "0-1"]
[ICCResult "White checkmated"]
[WhiteElo "2000"]
[BlackElo "2504"]
[Opening "Bogo-Indian defense, Nimzovich variation"]
[ECO "E11"]
[NIC "QI.01"]
[Time "15:30:08"]
[PlyCount "98"]
[TimeControl "2700+5"]

1. d4 Nf6 2. c4 e6 3. Nf3 Bb4+ 4. Bd2 Qe7 5. g3 b6 6. Bg2 Bb7 7. O-O Bxd2 8.
Qxd2 Ne4 9. Qc2 f5 10. Nfd2 Nc6 11. Nxe4 Nb4 12. Qd2 fxe4 13. a3 Na6 14. Nc3
d5 15. Rac1 Rd8 16. cxd5 exd5 17. Qf4 g5 18. Qg4 h5 19. Qf5 h4 20. Nb5 c6
21. Nxa7 Nb8 22. f4 hxg3 23. fxg5 gxh2+ 24. Kh1 Rd6 25. Nc8 Bxc8 26. Qxc8+
Rd8 27. Qf5 Rd6 28. Rc3 Rg8 29. Rg3 Nd7 30. Bh3 Rdg6 31. Kxh2 Rxg5 32. Rxg5
Rxg5 33. Qf4 Rh5 34. Qg4 Rg5 35. Qf4 Rg6 36. Qc7 Qd6+ 37. Qxd6 Rxd6 38. b4
c5 39. bxc5 bxc5 40. Bxd7+ Kxd7 41. dxc5 Ra6 42. Rf7+ Ke6 43. Rb7 Rxa3 44.
Rb6+ Ke5 45. Kg2 Ra2 46. Kf2 d4 47. Ke1 Kf4 48. Rf6+ Ke3 49. c6 Ra1#
{White checkmated}
0-1

[Event "ICC tourney 2754 (45 5)"]
[Site "Internet Chess Club"]
[Date "2021.12.04"]
[Round "3"]
[White "LI, IRIS:irisl"]
[Black "ZHANG, RAYMOND TANGNING:DankMemer"]
[Result "0-1"]
[ICCResult "White resigns"]
[WhiteElo "1812"]
[BlackElo "1636"]
[Opening "French: Winawer (Nimzovich) variation"]
[ECO "C15"]
[NIC "FR.08"]
[Time "15:30:25"]
[PlyCount "74"]
[TimeControl "2700+5"]

1. e4 e6 2. d4 d5 3. Nc3 Bb4 4. exd5 exd5 5. Bd3 Nf6 6. Nf3 Bg4 7. O-O O-O
8. Bg5 c6 9. h3 Bh5 10. Re1 Nbd7 11. a3 Bxc3 12. bxc3 Qa5 13. g4 Bg6 14.
Bxg6 hxg6 15. Qd3 Rfe8 16. c4 Rxe1+ 17. Rxe1 dxc4 18. Qxc4 Qxa3 19. Bxf6
Qxf3 20. Bg5 Qxh3 21. Re7 Qxg4+ 22. Kf1 Qf5 23. Qe2 Qxg5 24. Rxd7 Rb8 25.
Qf3 Qf5 26. Qg3 Re8 27. Rxb7 Qxc2 28. Qf4 Qc4+ 29. Kg2 Qd5+ 30. Kg3 c5 31.
Rb8 Rxb8 32. Qxb8+ Kh7 33. Qxa7 cxd4 34. Qe7 d3 35. Qh4+ Kg8 36. Qg4 Qd8 37.
Qd1 d2 {White resigns} 0-1

[Event "ICC tourney 2754 (45 5)"]
[Site "Internet Chess Club"]
[Date "2021.12.04"]
[Round "3"]
[White "HO, CARTER:corviknight"]
[Black "NATHA, NIRAV:K05-15969775"]
[Result "0-1"]
[ICCResult "White resigns"]
[WhiteElo "1978"]
[BlackElo "1477"]
[Opening "Pirc: Austrian attack, 6.Bd3"]
[ECO "B09"]
[NIC "PU.02"]
[Time "15:30:24"]
[PlyCount "70"]
[TimeControl "2700+5"]

1. e4 d6 2. d4 Nf6 3. Nc3 g6 4. f4 Bg7 5. Nf3 O-O 6. Bd3 Nc6 7. O-O e5 8.
fxe5 dxe5 9. d5 Nd4 10. Nxe5 Nxe4 11. Nxe4 Bxe5 12. c4 Bf5 13. Ng5 Qd6 14.
h3 Bxd3 15. Qxd3 Nf5 16. Rxf5 gxf5 17. Qxf5 Bd4+ 18. Kh1 Qg6 19. Qf3 Rae8
20. Qf1 Be5 21. Nf3 Bg7 22. Bf4 Re7 23. Rd1 Rfe8 24. Rd2 Bh6 25. Bxh6 Qxh6
26. Qd1 Qf4 27. b3 Qg3 28. Ng1 Re1 29. Qg4+ Qxg4 30. hxg4 R8e4 31. Kh2 Rxg4
32. Nf3 Re8 33. d6 cxd6 34. Rxd6 Re2 35. Rd2 Rgxg2+ {White resigns} 0-1

[Event "ICC tourney 2754 (45 5)"]
[Site "Internet Chess Club"]
[Date "2021.12.04"]
[Round "3"]
[White "Meng, Joshua:jmichess"]
[Black "Vittal, Sanjana:MCTS13"]
[Result "0-1"]
[ICCResult "White checkmated"]
[WhiteElo "1707"]
[BlackElo "2005"]
[Opening "Two knights defense (Modern bishop's opening)"]
[ECO "C55"]
[NIC "IG.01"]
[Time "15:30:24"]
[PlyCount "142"]
[TimeControl "2700+5"]

1. e4 e5 2. Nf3 Nc6 3. Bc4 Nf6 4. d3 Be7 5. O-O O-O 6. Nc3 d6 7. a4 Bg4 8.
h3 Bh5 9. Be3 Kh8 10. Nd5 Nxd5 11. Bxd5 Qc8 12. c3 Nd8 13. d4 c6 14. Bb3 f5
15. g4 fxg4 16. Nh2 Bg6 17. dxe5 Bxe4 18. exd6 Bf6 19. hxg4 Nf7 20. f3 Bg6
21. Kg2 Qd8 22. Bf4 Be5 23. Bxe5 Nxe5 24. f4 Be4+ 25. Kg3 Nd3 26. Qe2 Nc5
27. Bc2 Bxc2 28. Qxc2 Qxd6 29. Rad1 Qc7 30. g5 Ne6 31. Qe4 Nxg5 32. Qe5 Qxe5
33. fxe5 Rfd8 34. Kg4 h6 35. Kh5 Kh7 36. Ng4 g6+ 37. Kh4 Kg7 38. Nf6 Rxd1
39. Rxd1 Nf3+ 40. Kg3 Nxe5 41. Ng4 Nxg4 42. Kxg4 Rf8 43. Rd7+ Rf7 44. Rd6
h5+ 45. Kg5 Rf5+ 46. Kh4 Rf4+ 47. Kg3 Rf7 48. Kh4 Kh6 49. Rd2 g5+ 50. Kh3
Rf3+ 51. Kg2 g4 52. Rd6+ Kg5 53. Rd7 Rf4 54. b3 Rf3 55. Rxb7 Rxc3 56. b4 Rb3
57. Rb8 h4 58. Rg8+ Kf5 59. Rf8+ Ke5 60. Re8+ Kf6 61. Rf8+ Ke7 62. Ra8 Rxb4
63. Rxa7+ Kf6 64. a5 Rb2+ 65. Kg1 g3 66. a6 h3 67. Kf1 g2+ 68. Kg1 Rb1+ 69.
Kh2 g1=Q+ 70. Kxh3 Rb3+ 71. Kh4 Qg5# {White checkmated} 0-1

[Event "ICC tourney 2754 (45 5)"]
[Site "Internet Chess Club"]
[Date "2021.12.04"]
[Round "3"]
[White "HO, COOPER:arsenicblast"]
[Black "SAMANT, NEIL:checkninja"]
[Result "0-1"]
[ICCResult "White resigns"]
[WhiteElo "1852"]
[BlackElo "1905"]
[Opening "Sicilian: Najdorf"]
[ECO "B90"]
[NIC "SI.14"]
[Time "15:30:07"]
[PlyCount "66"]
[TimeControl "2700+5"]

1. e4 c5 2. Nf3 d6 3. d4 cxd4 4. Nxd4 Nf6 5. Nc3 a6 6. f3 e5 7. Nb3 Be6 8.
Be3 h5 9. Nd5 Bxd5 10. exd5 Nbd7 11. Qd2 g6 12. Be2 Bg7 13. O-O b6 14. c4
O-O 15. a4 a5 16. Nc1 e4 17. f4 Ne8 18. f5 Qf6 19. fxg6 Qxg6 20. Qd1 Nef6
21. Nb3 Ng4 22. Bd4 Bh6 23. h3 Ne3 24. Bxe3 Bxe3+ 25. Kh1 Qg3 26. Bxh5 f5
27. Qe1 Qg5 28. Qe2 Nf6 29. g4 f4 30. Rae1 Kh8 31. Nd2 Nxh5 32. gxh5 Rae8
33. Nb3 f3 {White resigns} 0-1

[Event "ICC tourney 2754 (45 5)"]
[Site "Internet Chess Club"]
[Date "2021.12.04"]
[Round "3"]
[White "SHEEHAN, ETHAN THOMAS:Chessking2008"]
[Black "HU, ALEXANDER C:ahu1015"]
[Result "1-0"]
[ICCResult "Black forfeits on time"]
[WhiteElo "2194"]
[BlackElo "2009"]
[Opening "Neo-Grünfeld, 6.cd Nxd5, 7.O-O Nb6"]
[ECO "D76"]
[NIC "QP.11"]
[Time "15:30:23"]
[PlyCount "73"]
[TimeControl "2700+5"]

1. Nf3 Nf6 2. g3 g6 3. Bg2 Bg7 4. O-O O-O 5. c4 d5 6. cxd5 Nxd5 7. d4 Nb6 8.
Nc3 Nc6 9. d5 Na5 10. e4 c6 11. Nd4 e5 12. Nb3 Nxb3 13. Qxb3 cxd5 14. exd5
Bf5 15. Be3 Qd7 16. Bxb6 axb6 17. Qxb6 h5 18. Rfd1 h4 19. d6 Bg4 20. Rd2
Rab8 21. Ne4 Qf5 22. d7 Rfd8 23. Qc7 h3 24. Bh1 Bf3 25. Nd6 Qh5 26. Nxf7
Bxh1 27. Nxd8 Qf3 28. Qc4+ Kh7 29. Qh4+ Bh6 30. Qxh3 Rxd8 31. Rc1 e4 32. Rc8
e3 33. Rxd8 e2 34. Rh8+ Kg7 35. Qxh6+ Kf7 36. Qh7+ Ke6 37. Rxe2+
{Black forfeits on time}
1-0